Cogmind - Beta 11.1 @@@ ROGUE MODE // 2022.05.31 @ 23:46:36 Player: Hanyouslayer Result: Destroyed by G-34 Mercenary with Small Laser Performance ------------- Evolutions (0) 0 Regions Visited (1) 200 Robots Destroyed (8) 40 Value Destroyed (110) 110 Prototype IDs (0) 0 Alien Tech Used (0) 0 Bonus (0) 0 TOTAL SCORE: 350 Bonus ------- None Cogmind --------- Core Integrity 0/250 Matter 184/300 Energy 84/100 System Corruption 10% Temperature Cool (6) Movement Core (350) Ox6 Location -10/Materials Parts ------- > --- POWER (1) -------- (None) > --- PROPULSION (2) --- (None) > --- UTILITY (2) ------ Large Storage Unit > --- WEAPON (2) ------- (None) > --- INVENTORY (15) --- Light Ion Engine Aluminum Leg Small Storage Unit Peak State ------------ > --- POWER ------------ Ion Engine > --- PROPULSION ------- Light Treads Wheel > --- UTILITY ---------- Small Storage Unit Small Storage Unit > --- WEAPON ----------- Medium Laser Light Assault Rifle > --- INVENTORY -------- Ion Engine Light Treads Aluminum Leg Aluminum Leg Compact Wheel Light Assault Rifle [Rating: 7] Favorites ----------- Power Ion Engine Engine Ion Engine Propulsion Light Treads Treads Light Treads Leg Aluminum Leg Wheel Compact Wheel Utility Small Storage Unit Device Seismic Detector Storage Small Storage Unit Weapon Light Assault Rifle Energy Gun Medium Laser Ballistic Gun Light Assault Rifle Special Weapon Mining Laser Build | -11 -10 ------- Run | Scr Mat Slots Evolved . | . . Power . | . . Propulsion . | . . Utility . | . . Weapon . | . . Parts Attached 21 | 14 7 Power 4 | 3 1 Engine 4 | 3 1 Core . | . . Reactor . | . . Propulsion 7 | 4 3 Treads 2 | 1 1 Leg 2 | 1 1 Wheel 3 | 2 1 Hover . | . . Flight . | . . Utility 4 | 2 2 Device 1 | . 1 Storage 3 | 2 1 Processor . | . . Hackware . | . . Protection . | . . Artifact . | . . Weapon 6 | 5 1 Energy Gun 2 | 2 . Energy Cannon . | . . Ballistic Gun 2 | 1 1 Ballistic Cannon . | . . Launcher . | . . Special Weapon 2 | 2 . Impact Weapon . | . . Slashing Weapon . | . . Piercing Weapon . | . . Special Melee Weapon . | . . Unidentified Prototypes . | . . Parts Lost 13 | 2 11 Power 2 | . 2 Propulsion 6 | 1 5 Utility 1 | . 1 Weapon 4 | 1 3 Highest Loss Streak 7 | 2 7 To Critical Strikes . | . . Average Slot Usage (%) 77 | . 77 Engine 13 | . 13 Treads 7 | . 7 Leg 2 | . 2 Wheel 10 | . 10 Device 3 | . 3 Storage 18 | . 18 Ballistic Gun 13 | . 13 Special Weapon 6 | . 6 Naked Turns . | . . Heaviest Build 32 | 18 32 Greatest Support 16 | 16 10 Greatest Overweight (x) 8 | 3 8 Average Overweight (x) . | . 2 Largest Inventory Capacity 15 | 8 15 Average Capacity 8 | 7 14 Most Carried 8 | 7 8 Average Carried 5 | 5 6 Final Capacity 15 | 8 15 Final Carried 7 | 7 3 Class Distribution -------------------- 100% | Mutant Dominant Class ---------------- Mutant | -10/Materials Resources | -11 -10 ----------- Run | Scr Mat Matter Collected 544 | 434 110 Remotely . | . . Salvage Created 284 | 174 110 Parts 20 | 13 7 Haulers Intercepted . | . . Recyclers Shooed 1 | 1 . Parts Field Recycled . | . . Retrieved Matter . | . . Parts Self-Destructed . | . . Prevented . | . . Kills | -11 -10 ------- Run | Scr Mat Combat Hostiles Destroyed 2 | . 2 Melee 2 | . 2 Classes Destroyed 4 | 3 1 Worker 2 | 2 . Tunneler 3 | 3 . Recycler 1 | 1 . Grunt 2 | . 2 Best Kill Streak 4 | 4 1 Combat Bots Only 1 | . 1 Max Kills in Single Turn 1 | 1 1 Gunslinging . | . . Exploded . | . . Melee 1 | . 1 Uniques/NPCs Destroyed . | . . Combat | -11 -10 -------- Run | Scr Mat Damage Taken 1302 | 299 1003 Core 253 | . 253 Absorbed by Shields . | . . Core Remaining (%) 100 | 100 . Volleys Fired 111 | 91 20 Largest 2 | 2 2 Hottest 120 | 120 120 Shots Fired 198 | 171 27 Gun 144 | 122 22 Cannon . | . . Launcher . | . . Special 54 | 49 5 Kinetic 120 | 98 22 Thermal 78 | 73 5 Explosive . | . . Electromagnetic . | . . Robot Hit Streak 11 | 11 11 Robot Miss Streak 3 | 1 3 Penetration Max . | . . Secondary Targets . | . . Shots Hit Robots 29 | 16 13 Core Hits 18 | 9 9 Critical Kills . | . . Critical Parts Destroyed . | . . Critical Strikes 3 | 3 . Burn 3 | 3 . Melee Attacks . | . . Impact . | . . Slashing . | . . Piercing . | . . Sneak Attacks . | . . Combat Hostiles . | . . Follow-up Attacks . | . . Damage Inflicted 332 | 191 141 Guns 296 | 186 110 Cannons . | . . Explosions . | . . Melee . | . . Ramming 36 | 5 31 Kinetic 182 | 72 110 Thermal 114 | 114 . Explosive . | . . Electromagnetic . | . . Impact . | . . Slashing . | . . Piercing . | . . Highest Corruption 10 | 10 10 Average Corruption 10 | 10 10 Corruption Purged . | . . Corruption Blocked . | . . Effects 165 | 152 13 Message Errors 42 | 40 2 Matter Fused 39 | 35 4 Heat Flow Errors 18 | 18 . Energy Discharges 20 | 18 2 Data Loss (minor) 21 | 20 1 Data Loss (major) 8 | 8 . Misfires 11 | 10 1 Alerts 2 | 2 . Misdirections 2 | . 2 Weapon Failures 2 | 1 1 Overload Shots . | . . Overflow Damage . | . . Projectiles . | . . Explosions . | . . Melee . | . . Knockbacks 1 | . 1 Impact 1 | . 1 Kinetic . | . . Secondary . | . . Self-Inflicted Damage 2 | 2 . Shots . | . . Rammed 16 | 2 14 Targets Rammed 25 | 2 23 Kicked 9 | . 9 Crushed . | . . Highest Temperature 278 | 278 46 Average Temperature 68 | 73 17 Received Heat Transfer 618 | . 618 Siege Activations . | . . Robots Corrupted . | . . Combat Hostiles . | . . Parts Fried . | . . Impact Corruptions . | . . Robots Melted . | . . Combat Hostiles . | . . Parts Melted 1 | 1 . Heat Transferred 555 | 555 . Parts Sabotaged . | . . Parts Stolen . | . . Parts Stripped . | . . Power Chain Reactions . | . . Missiles Intercepted . | . . Alert | -11 -10 ------- Run | Scr Mat Peak Influence 47 | 25 47 Initial 6 | . 6 Average 2 | 2 18 Maximum Alert Level . | . . Low Security (%) 100 | 100 100 Level 1 . | . . Level 2 . | . . Level 3 . | . . Level 4 . | . . Level 5 . | . . High Security . | . . Max Security . | . . Squads Dispatched 2 | . 2 Investigation 1 | . 1 Extermination . | . . Reinforcement 1 | . 1 Assault . | . . Garrison . | . . Intercept . | . . Searches Triggered . | . . Construction Impeded . | . . Haulers Reinforced . | . . Active Scanning Responses . | . . Cargo Convoy Interrupts . | . . Stealth | -11 -10 --------- Run | Scr Mat Distress Signals 1 | . 1 Communications Jammed . | . . Distress Signals . | . . Times Spotted 5 | . 5 Peak Tracking Total 5 | . 5 Tactical Retreats . | . . Traps | -11 -10 ------- Run | Scr Mat Traps Triggered . | . . Indirectly . | . . Trap Hack Attempts . | . . Triggered . | . . Disarmed . | . . Reprogrammed . | . . Reused . | . . Traps Extracted . | . . Installed . | . . Triggered . | . . Machines | -11 -10 ---------- Run | Scr Mat Machines Disabled . | . . Max in Single Turn . | . . Machines Sabotaged . | . . Garrisons Compromised . | . . Overloaded Fab Kills . | . . Hacking | -11 -10 --------- Run | Scr Mat Machines Accessed 1 | . 1 Terminals 1 | . 1 Fabricators . | . . Repair Stations . | . . Recycling Units . | . . Scanalyzers . | . . Garrison Access . | . . Total Hacks 2 | . 2 Successful 1 | . 1 Failed 1 | . 1 Catastrophic 1 | . 1 Database Lockouts . | . . Manual . | . . Terminals 2 | . 2 Fabricators . | . . Repair Stations . | . . Recycling Units . | . . Scanalyzers . | . . Garrison Access . | . . Terminal Hacks 1 | . 1 Emergency Access Points 1 | . 1 Fabricator Hacks . | . . Repair Station Hacks . | . . Recycling Unit Hacks . | . . Scanalyzer . | . . Garrison Access Hacks . | . . Unauthorized Hacks . | . . Terminals . | . . Fabricators . | . . Repair Stations . | . . Recycling Units . | . . Scanalyzers . | . . Garrison Access . | . . Data Cores Recovered . | . . Used . | . . Hacking Detections 1 | . 1 Full Trace Events 1 | . 1 Feedback Events . | . . Feedback Blocked . | . . Robot Schematics Acquired . | . . Robots Built . | . . Authchips . | . . Time . | . . Total Robot Build Rating . | . . Part Schematics Acquired . | . . Parts Built . | . . Authchips . | . . Time . | . . Total Part Build Rating . | . . Parts Repaired . | . . Time . | . . Parts Recycled . | . . Recycled Matter . | . . Retrieved Matter . | . . Retrieved Components . | . . Parts Scanalyzed . | . . Part Schematics Acquired . | . . Parts Damaged . | . . Bothacking | -11 -10 ------------ Run | Scr Mat Used RIF Installer . | . . Robots Hacked . | . . Non-combat . | . . Combat . | . . Robot Hacks Applied . | . . Relay Couplers Released . | . . Fabnet Peak Effective % . | . . Robots Rewired . | . . Allies Hacked . | . . Hacks Repelled . | . . Allies | -11 -10 -------- Run | Scr Mat Total Allies . | . . Largest Group . | . . Highest-Rated Group . | . . Highest-Rated Ally . | . . Total Orders . | . . Ally Attacks . | . . Total Damage . | . . Kills . | . . Allies Corrupted . | . . Allies Melted . | . . Intel | -11 -10 ------- Run | Scr Mat Robot Analysis Total . | . . Derelict Logs Recovered . | . . Drone Launches . | . . Drone Recoveries . | . . Exploration | -11 -10 ------------- Run | Scr Mat Turns Passed 25159 | 24936 223 Spaces Moved 2133 | 2055 78 Core 18 | 17 1 Treads . | . . Legs 54 | 50 4 Wheels 2061 | 1988 73 Hover . | . . Flight . | . . Fastest Speed 50 | 50 95 Average Speed 102 | 101 127 Slowest Speed 450 | 200 450 Overloaded Moves . | . . Propulsion Burnouts . | . . Robots Hopped . | . . Cave-ins Triggered 1 | 1 . Exploration Rate (%) 62 | 108 17 Regions Visited 1 Branch Regions . Pre-discovered Areas . | . . Known Exits Taken . | . . Unknown Exits Taken 1 | 1 . Scrap Searched . | . . Spaces Dug 45 | 41 4 Terrain Destroyed 49 | 44 5 Melee . | . . Projectile 49 | 44 5 AOE . | . . Terrain Rammed . | . . Walls Destroyed . | . . Machines Disabled . | . . Actions | -11 -10 --------- Run | Scr Mat Total 24787 | 24658 129 Wait 22487 | 22487 . Move 2132 | 2054 78 Hop . | . . Pick Up 6 | 6 . Fast Attach 13 | 12 1 Attach 6 | 1 5 Detach 1 | 1 . Swap 2 | 1 1 Drop 4 | 3 1 Fire 111 | 91 20 Melee . | . . Ram 6 | 2 4 Kick 9 | . 9 Crush 10 | . 10 Escape Stasis . | . . Rewire . | . . Trap . | . . Miscellaneous . | . . Route ------- -11/Scrapyard -10/Materials History --------- Turn | Location | Event 35 | -11/Scrapyard | Discovered new exit (range 15) 20316 | -11/Scrapyard | Crushed by falling debris 20316 | -11/Scrapyard | System corruption reached 10% 24937 | -11/Scrapyard | Entered Materials 24938 | -10/Materials | Build established: Mutant 25095 | -10/Materials | Lost 4 parts (2n1u1w) 25109 | -10/Materials | Core integrity fell below 50% 25149 | -10/Materials | Core integrity fell below 20% 25160 | -10/Materials | Destroyed by G-34 Mercenary with Small Laser Last Messages --------------- 25113_ G-47 Trooper knocked back. 25114_ Critical hit (Burn: +37). 25118_ Com. Wheel destroyed. 25120_ Kicked G-47 Trooper. 25121_ System corrupted: Energy discharge (-54). 25123_ Kicked G-47 Trooper. 25123_ G-47 Trooper destroyed. 25124_ Acquired 60 matter. 25126_ Kicked G-34 Mercenary out of the way. 25128_ Kicked G-34 Mercenary. 25136_ Kicked G-34 Mercenary out of the way. 25140_ Aluminum Leg destroyed. 25146_ Slammed into G-34 Mercenary. 25150_ K-01 Serf collects debris. 25155_ Slammed into G-34 Mercenary. 25155_ K-01 Serf collects debris. 25156_ Ion Engine destroyed. 25158_ System corrupted: Energy discharge (-26). 25158_ K-01 Serf collects debris. 25159_ Slammed into G-34 Mercenary. Map ----- +----------------------------------------------------+ | ?????????????????????????????????????????????????? | | ?????????????????????????????????????????????????? | | ?????????????????????????????????????????????????? | | ?????????????????????????????????????????????????? | | ?????????????????????????????????????????????????? | | ?????????????????????????????????????????????????? | | ?????????????????????????????????????????????????? | | ?????????????????????????????????????????????????? | | ?????????????????????????????????????????????????? | | ?????????????????????????????????????????????????? | | ?????????????????????????????????????????????????? | | ?????????????????????????????????????????????????? | | ?????????????????????????????????????????????????? | | ?????????????????????????????????????????????????? | | ?????????????????????????????????????????????????? | | ?????????????????????????????????????????????????? | | ?????????????????????????????????????????????????? | | ?????????????????????????????????????????????????? | | ???????????????????????????????????+?????????????? | | ?????????????????????????????????????????????????? | | ?????###############?????????????????????????????? | | ?????# #?????????????????????????????? | | ?????# #?????????????????????????????? | | ?????# ##########????????????????????? | | ?????# + #????????????????????? | | ?????# #[k @ # #????????????????? | | ?????# # ! k g + ####?????????????? | | ?????#######+#######="" # ??????????? | | ??????????# ^ + "" #? ?????????? | | ??????????# ###### "T #?? ????????? | | ??????????# #????# "" #? ###+####?????????? | | ??????????# #????# "" #? #????????????????? | | ??????????# #????# # #????????????????? | | ??????????# #??############ #????????????????? | | ??????????# #????????????????? | | ??????????+ #??#######"# #????????????????? | | ??????????# #????????### #????????????????? | | ??????????# #?????????##+###+####??????????????? | | ??????????# #?????????# #??????????????? | | ??????????# #?????????# #??????????????? | | ??????????# ??????????# #??????????????? | | ??????????# ??????????# """ """ #??????????????? | | ??????????# ??????????# """ """ #??????????????? | | ?????????? ??????????# """ """ #?????#????????? | | ?????????? ??????????# #???? #????????? | | ??????????? ??????????# #??? #????????? | | ????????????????????????########+##?? #????????? | | ???????????????????????????????# #### #????????? | | ????????????????????????????#### #????????? | | ???????????????????????????##!! +????????? | +----------------------------------------------------+ Best States ------------- Heat Dissipation 25 Energy Generation 10 Energy Capacity 250 Matter Stores 300 Matter Capacity 300 Sight Range 16 Terrain Scan Density 10 Evasion (%) 41 Recoil Reduction 1 Item Schematics ----------------- None Robot Schematics ------------------ None Fabricated ------------ Nothing Alien Tech Used ----------------- None Achievements -------------- Fist Fight Challenges ------------ None Game ------ Seed BlastGyrokineticAmplifier Manual? 0 Play Time 00:24:03 Cumulative 29.1 hours Start 2022.05.31 @ 23:24:31 End 2022.05.31 @ 23:46:36 Sessions 1 Manual Loads 0 Difficulty Rogue Special Mode None Game No. 13 Rogue 10 Adventurer 0 Explorer 3 Win Type - Total 1 Types 1/0/0/0/0/0/0/0/0 Lore% 22 Gallery% 32 Achievement% 29 Wizard Run 0 Options --------- ASCII 0 Keyboard 0 Movement Mouse Keybinds 0 Fullscreen 1 Font 18/SmallcapsGlow Map View 76x50 Tactical HUD 1 Map Filters NONE Filters NONE Steam 0 RUN: 867b437b-b393-40f7-8006-a26a4f7fa56b